 Dungeon Crawl Stone Soup version 0.29.0-4-gdea44cf6ec (webtiles) character file.

Game seed: 1719506544970023347

55 qw the Chopper (level 3, -1/21 HPs)
             Began as a Tengu Warper on Aug 28, 2022.
             Slain by a jackal (3 damage)
             ... on level 2 of the Dungeon.
             The game lasted 00:00:09 (1539 turns).

qw the Chopper (Tengu Warper)                       Turns: 1539, Time: 00:00:09

Health: -1/21      AC:  5    Str: 13    XL:     3   Next: 93%
Magic:  7/7        EV: 10    Int: 13    God:
Gold:   75         SH:  4    Dex: 13    Spells: 6/6 levels left

rFire   . . .      SeeInvis .   Y - +0 hand axe
rCold   . . .      Faith    .   g - +0 buckler
rNeg    . . .      Spirit   .   h - +0 ring mail
rPois   .          Reflect  .   (helmet restricted)
rElec   .          Harm     .   (no cloak)
rCorr   .          Rampage  .   (no gloves)
Will    .....                   (boots unavailable)
Stlth   +.........              (no amulet)
HPRegen 0.07/turn               (no ring)
MPRegen 0.10/turn               (no ring)

@: no status effects
A: beak, talons 3
a: no special abilities


You were on level 2 of the Dungeon.
You visited 1 branch of the dungeon, and saw 2 of its levels.

You collected 75 gold pieces.


Innate Abilities, Weirdness & Mutations

You have a beak for a mouth.
You have claws for feet.


   Skills:
 - Level 2.0 Fighting
 + Level 4.1 Axes
 - Level 1.0 Throwing
 - Level 1.1 Armour
 - Level 2.1 Dodging
 - Level 1.3 Shields
 - Level 2.0 Spellcasting
 - Level 2.4 Translocations


You had 6 spell levels left.
You didn't know any spells.
Your spell library contained the following spells:

 Spells                   Type           Power      Damage    Failure   Level
 Blink                    Tloc           14%        N/A       38%         2
 Gell's Gravitas          Tloc           7%         N/A       63%         3
 Lesser Beckoning         Tloc           7%         N/A       63%         3
 Teleport Other           Tloc           7%         N/A       63%         3
 Manifold Assault         Tloc           7%         N/A       100%        5

Inventory:

Hand Weapons
 b - a +0 whip
 Y - a +0 hand axe (weapon)
Armour
 g - a +0 buckler (worn)
 h - a +0 ring mail (worn)
Scrolls
 a - a scroll of acquirement {unknown}
 i - a scroll of identify
Potions
 e - a potion of resistance {unknown}

Dungeon Overview and Level Annotations

Branches:
Dungeon (2/15)

Altars:


Message History

A jackal comes into view.
You hit the goblin.
You kill the goblin!
You hit the jackal but do no damage. You hit the gnoll.
The gnoll hits you with a +0 club!
A jackal comes into view.
The jackal barely misses you. The gnoll closely misses you.
The gnoll completely misses you.
A gnoll comes into view. It is wielding a +0 club.
The gnoll shouts!
The jackal barks!
You hit the gnoll. Your kick misses the gnoll. You peck the gnoll.
You kill the gnoll!
You hit the jackal. You closely miss the gnoll. The jackal barely misses you.
The gnoll hits you with a +0 whip.
The jackal bites you but does no damage.
Your Shields skill increases to level 1!
You hit the jackal.
You kill the jackal!
You hit the jackal. You hit the gnoll. The jackal bites you.
The gnoll barely misses you.
You barely miss the jackal.
The jackal is moderately wounded.
You closely miss the gnoll.
The jackal bites you but does no damage.
A gnoll comes into view. It is wielding a +0 flail.
The gnoll barely misses you. The jackal completely misses you.
You hit the jackal.
You kill the jackal!
You hit the jackal but do no damage. You hit the gnoll.
A jackal comes into view.
The jackal bites you but does no damage.
The gnoll hits you but does no damage.
A worm comes into view.
The jackal moves out of view.
You hit the gnoll. Your kick misses the gnoll.
You peck the gnoll, but do no damage.
The gnoll is severely wounded.
You barely miss the jackal. The jackal bites you.
You die...

....%.......................)..>.
...................###########...
..........#.######## ##.#
..........#....## #...
..........####..# #...
..........# ##.######## #...
..........# #.......... #...
..........# #.......... #...
#####....## #..@....... #...
#.#### #..hg...... #... #####.###
#..h....... ##.# ........#
#.....g.... ... ........#
#..!....... ........# ...........
........# ..........g. ........#
...........w. ........#


You could see a worm, 3 gnolls and 2 jackals.

Vanquished Creatures
  A gnoll (D:2)
  A dart slug (D:1)
  9 ball pythons
  An endoplasm (D:1)
  6 giant cockroaches
  8 goblins
  2 hobgoblins (D:1)
  6 jackals
  3 bats
  A kobold (D:1)
  3 rats
41 creatures vanquished.

Notes
Turn   | Place    | Note
-------+----------+-------------------------------------------
     0 | D:1      | qw the Tengu Warper began the quest for the Orb.
     0 | D:1      | Reached XP level 1. HP: 12/12 MP: 4/4
     0 | D:1      | 0 ||| qw: Version: 0.1-a-89-g26bdef1
     0 | D:1      | 0 ||| qw: Game counter: 1148
     0 | D:1      | 0 ||| qw: Always use a shield: true
     0 | D:1      | 0 ||| qw: God list: Okawaru
     0 | D:1      | 0 ||| qw: Allow faded altars: false
     0 | D:1      | 0 ||| qw: Do Orc after D:15 true
     0 | D:1      | 0 ||| qw: Do second Lair branch before Depths: true
     0 | D:1      | 0 ||| qw: Lair rune preference: random
     0 | D:1      | 0 ||| qw: Plans: Normal
     0 | D:1      | 0 ||| PLANNING D:1-11
    16 | D:1      | 16 ||| Stepping ~*~*~tactically~*~*~ (stealth).
    17 | D:1      | 17 ||| Stepping ~*~*~tactically~*~*~ (stealth).
    34 | D:1      | Found a faded altar of an unknown god.
    40 | D:1      | HP: 3/12 [dart slug/slug dart (4)]
    42 | D:1      | Reached XP level 2. HP: 5/17 MP: 6/6
    44 | D:1      | Reached skill level 3 in Axes
   378 | D:1      | 378 ||| Stepping ~*~*~tactically~*~*~ (stealth).
   379 | D:1      | 379 ||| Stepping ~*~*~tactically~*~*~ (stealth).
   631 | D:1      | Reached XP level 3. HP: 16/21 MP: 7/7
   913 | D:1      | Reached skill level 4 in Axes
  1058 | D:1      | 1058 ||| UPGRADING to +0 buckler.
  1063 | D:1      | 1063 ||| UPGRADING to +0 ring mail.
  1073 | D:1      | 1073 ||| DROPPING +0 leather armour.
  1074 | D:1      | 1074 ||| READING scroll labelled WIXAMA CA GUMU.
  1077 | D:1      | 1077 ||| READING 2 scrolls labelled RIURASTANT.
  1078 | D:1      | 1078 ||| DROPPING scroll of blinking.
  1477 | D:2      | 1477 ||| DROPPING +0 club.
  1534 | D:2      | HP: 5/21 [gnoll/+0 club (8)]
  1536 | D:2      | Reached skill level 1 in Shields
  1536 | D:2      | HP: 2/21 [jackal (1)]
  1539 | D:2      | Slain by a jackal

Levels and vault maps discovered:
D:1:      sevenhm_arrival_forest_fort_small_6, layout_rooms,
          ebering_ecumenical_altar_webs, chequers_serial_rivers_large_b,
          minmay_statues_item
D:2:      layout_basic

Skill      XL: |  1  2  3 |
---------------+----------+-----
Axes           | 3 4 |  4.1
Shields        | 1 |  1.3
Fighting       | |  2.0
Throwing       | |  1.0
Armour         | |  1.1
Dodging        | |  2.1
Spellcasting   | |  2.0
Translocations | |  2.4

Action                   || total
-------------------------++-------
Melee: Hand axe          ||    76
       Peck              ||    12
       Kick              ||    11
Throw: Boomerang         ||     7
  Use: Scroll            ||     2
Armor: Leather armour    ||    15
       Ring mail         ||    16
Dodge: Dodged            ||    48
Block: Buckler           ||     1

Table legend:
 A = Non-vault XP
 B = Vault XP
 C = Vault XP percentage of total XP
 D = Non-vault monster count
 E = Vault monster count
 F = Vault count percentage of total count
                 A         B        C        D         E       F
            +---------+---------+-------+---------+---------+-------
      Total |      79 |       0 |   0.0 |      41 |       0 |   0.0
            +---------+---------+-------+---------+---------+-------
        D:1 |      49 |       0 |   0.0 |      29 |       0 |   0.0
        D:2 |      30 |       0 |   0.0 |      12 |       0 |   0.0
            +---------+---------+-------+---------+---------+-------
